 Dungeon Crawl Stone Soup version 0.23.1 (webtiles) character file.

Game seed: 11693645395968358152

3710 Kniotic the Martial Artist (level 9, -8/63 HPs)
             Began as a Demonspawn Monk on Mar 6, 2019.
             Was a High Priest of Cheibriados.
             Killed from afar by a guardian serpent (28 damage)
             ... with a bolt of poison
             ... on level 9 of the Dungeon.
             The game lasted 00:11:12 (8233 turns).

Kniotic the Martial Artist (Demonspawn Monk)        Turns: 8233, Time: 00:11:13

Health: -8/63      AC:  9    Str: 30    XL:     9   Next: 91%
Magic:  9/9        EV: 19    Int: 29    God:    Cheibriados [*****.]
Gold:   267        SH:  0    Dex: 35    Spells: 8/8 levels left

rFire    . . .     SeeInvis +     - Unarmed
rCold    . . .     Gourm    .   (no shield)
rNeg     . . .     Faith    .   u - +3 robe "Qoxurph" {Int+3 SInv Stlth+}
rPois    .         Spirit   .   w - +1 helmet
rElec    .         Reflect  .   a - scarf {repulsion}
rCorr    .         Harm     .   (no gloves)
MR       .....                  (no boots)
Stlth    +++++.....             o - amulet of regeneration
HPRegen  0.60/turn              (no ring)
MPRegen  0.11/turn              (no ring)

@: mighty, agile, lethally poisoned (-8 -> -13), corroded, sanguine armour,
slowed, repel missiles, very slow
A: talons 2, foul stench 2, powered by pain 1, rot immunity, sanguine armour 1
a: Bend Time, Temporal Distortion, Slouch, Step From Time, Renounce Religion


You were on level 9 of the Dungeon.
You worshipped Cheibriados.
Cheibriados was extremely pleased with you.
You were hungry.

You visited 1 branch of the dungeon, and saw 9 of its levels.

You collected 460 gold pieces.
You spent 193 gold pieces at shops.

Inventory:

Armour
 a - a scarf of repulsion (worn)
 u - the +3 robe "Qoxurph" (worn) {Int+3 SInv Stlth+}
   (You bought it in a shop on level 4 of the Dungeon)

   It affects your intelligence (+3).
   It lets you see invisible.
   It makes you more stealthy.
 w - a +1 helmet (worn)
 E - the cursed +1 robe of Indomitability {MR+}
   (You found it on level 8 of the Dungeon)

   It affects your resistance to hostile enchantments.
   It has a curse placed upon it.
Jewellery
 o - an amulet of regeneration (around neck)
 t - an uncursed ring of see invisible
 F - an uncursed ring of stealth {unknown}
Wands
 i - a wand of polymorph (10)
 q - a wand of digging (5)
 s - a wand of flame (29)
Scrolls
 g - 2 scrolls of enchant weapon
 h - a scroll of noise
 r - a scroll of amnesia {unknown}
 y - a scroll of blinking {unknown}
 A - a scroll of magic mapping
 C - a scroll of vulnerability {unknown}
 D - a scroll of remove curse
Potions
 c - a potion of lignification {unknown}
 d - 2 potions of brilliance {unknown}
 e - 4 potions of curing {unknown}
 f - 2 potions of cancellation {unknown}
 j - 2 potions of mutation {unknown}
 m - a potion of berserk rage {unknown}
 p - a potion of haste {unknown}
 v - 2 potions of ambrosia {unknown}
 x - a potion of flight {unknown}
 z - a potion of magic {unknown}
 B - 2 potions of resistance {unknown}
Comestibles
 b - 14 rations


   Skills:
 - Level 3.0 Fighting
 - Level 2.6 Dodging
 - Level 1.7 Stealth
 + Level 12.9 Unarmed Combat


You had 8 spell levels left.
You didn't know any spells.
Your spell library was empty.

Dungeon Overview and Level Annotations

Branches:
Dungeon (9/15)             Temple (0/1) D:4
   Lair: D:8-11         Orc: D:9-12

Altars:
Ashenzari
Cheibriados
Dithmenos
Elyvilon
Fedhas
Kikubaaqudgha
Makhleb
Nemelex Xobeh
Qazlal
Trog
The Shining One

Shops:
D:4 [

Annotations:
D:3 1 runed translucent door, Murks's ghost, amateur DsNe
D:5 4 runed translucent doors
D:8 exclusion: two-headed ogre


Innate Abilities, Weirdness & Mutations

You have razor-sharp toenails.
You frequently emit foul miasma when damaged in melee.
You sometimes gain a little power by taking damage.
You are immune to rotting.
When seriously injured, your bleeding wounds create armour. (AC +6)


Message History

The guardian serpent closely misses you.
As you read the scroll labeled ISEVICWI SIMP, it crumbles to dust.
It is a scroll of enchant armour.
Your +0 helmet glows green for a moment.
The guardian serpent casts a spell at you.
The bolt of poison hits you!!
You are poisoned.
* * * LOW HITPOINT WARNING * * *
You focus on the pain.
You feel very mighty all of a sudden.
The centaur is engulfed in dark miasma.
The centaur is poisoned.
The centaur seems to slow down.
The centaur completely misses you.
The guardian serpent casts a spell at you.
You feel yourself slow down.
The centaur is engulfed in dark miasma.
The centaur looks even sicker.
The centaur misses you.
You feel much better.
You feel sick.
The guardian serpent coils itself and waves its upper body at you.
The bolt of poison hits you!!
You are more poisoned.
You die...

.. .....# ###.# #.#..#
......#.#..# .....#.#..#
#.#.#.#.#.(#####
..........((....#
...#....F...###.#
.....###c#..###.########
......S@................
..##..###...###..#######
.... #...# #.<.(.....
.... #...# #######.##
### #...# ####


You could see a guardian serpent, a bullfrog and a centaur.

Vanquished Creatures
  A two-headed ogre (D:8)
  A hippogriff (D:7)
  A water moccasin (D:6)
  3 sky beasts
  3 orc warriors
  3 ice beasts
  A phantom (D:4)
  An ogre (D:6)
  4 centaurs
  A crocodile (D:7)
  2 bullfrogs
  3 scorpions
  A howler monkey (D:5)
  A crimson imp (D:8)
  3 hounds (D:5)
  5 orc priests
  2 jellies
  3 bullfrog skeletons
  3 centaur skeletons
  Terence (D:2)
  Ijyb (D:5)
  2 iguanas
  6 orc wizards
  4 worker ants
  A hound zombie (D:5)
  A hound skeleton (D:6)
  A worker ant zombie (D:8)
  8 adders
  3 shadow imps
  An adder skeleton (D:9)
  5 worms
  4 dart slugs
  5 leopard geckos
  22 orcs
  2 ball pythons
  6 giant cockroaches
  5 goblins
  9 hobgoblins
  11 jackals
  6 kobolds
  5 quokkas
  7 bats
  2 frilled lizards
  10 rats
170 creatures vanquished.

Vanquished Creatures (others)
  A centaur (D:9)
1 creature vanquished.

Grand Total: 171 creatures vanquished

Notes
Turn   | Place    | Note
-------+----------+-------------------------------------------
     0 | D:1      | Kniotic the Demonspawn Monk began the quest for the Orb.
     0 | D:1      | Reached XP level 1. HP: 18/18 MP: 1/1
   389 | D:1      | Reached skill level 3 in Unarmed Combat
   538 | D:1      | Gained mutation: You sometimes gain a little power by
                  | taking damage. [demonic ancestry]
   538 | D:1      | Reached XP level 2. HP: 9/24 MP: 2/2
   549 | D:1      | HP: 1/24 [hobgoblin/+0 club (1)]
  1261 | D:2      | Found a burning altar of Makhleb.
  1497 | D:2      | Reached XP level 3. HP: 22/29 MP: 3/3
  1645 | D:2      | Noticed Terence
  2064 | D:2      | Reached skill level 4 in Unarmed Combat
  2076 | D:2      | Found a snail-covered altar of Cheibriados.
  2211 | D:2      | Became a worshipper of Cheibriados the Contemplative
  2211 | D:2      | Reached * piety under Cheibriados
  2211 | D:2      | Reached ** piety under Cheibriados
  2289 | D:2      | Found a sparkling altar of Nemelex Xobeh.
  2476 | D:2      | Found a glowing golden altar of the Shining One.
  2677 | D:2      | Gained mutation: You are immune to rotting. [demonic
                  | ancestry]
  2677 | D:2      | Reached XP level 4. HP: 21/35 MP: 4/4
  3154 | D:2      | Killed Terence
  3499 | D:3      | Reached skill level 5 in Unarmed Combat
  3586 | D:3      | Found a blossoming altar of Fedhas.
  3647 | D:3      | Gained mutation: You have sharp toenails. [demonic
                  | ancestry]
  3647 | D:3      | Reached XP level 5. HP: 37/41 MP: 5/5
  3648 | D:3      | Reached *** piety under Cheibriados
  3777 | D:3      | Found a runed translucent door.
  3777 | D:3      | Noticed Murks's ghost (amateur DsNe)
  4406 | D:4      | Found a staircase to the Ecumenical Temple.
  4549 | D:4      | Reached skill level 6 in Unarmed Combat
  4549 | D:4      | Gained mutation: You may emit foul miasma when damaged in
                  | melee. [demonic ancestry]
  4549 | D:4      | Reached XP level 6. HP: 29/47 MP: 6/6
  5045 | D:4      | Found Gonikap's Antique Armour Shoppe.
  5048 | D:4      | Bought a dull robe for 193 gold pieces
  5048 | D:4      | Identified the +3 robe "Qoxurph" {Int+3 SInv Stlth+} (You
                  | bought it in a shop on level 4 of the Dungeon)
  5088 | D:5      | Entered Level 5 of the Dungeon
  5198 | D:5      | Found an ancient bone altar of Kikubaaqudgha.
  5215 | D:5      | Found a shadowy altar of Dithmenos.
  5314 | D:5      | Reached skill level 7 in Unarmed Combat
  5543 | D:5      | Gained mutation: You frequently emit foul miasma when
                  | damaged in melee. [demonic ancestry]
  5543 | D:5      | Reached XP level 7. HP: 47/52 MP: 7/7
  5573 | D:5      | Found a large runed translucent door.
  5574 | D:5      | Found a large runed translucent door.
  5577 | D:5      | Noticed a troll
  5579 | D:5      | Noticed an unseen horror
  5592 | D:5      | Found a large runed translucent door.
  5592 | D:5      | Found a large runed translucent door.
  5630 | D:5      | Reached **** piety under Cheibriados
  5687 | D:5      | Reached skill level 8 in Unarmed Combat
  5906 | D:5      | Noticed Ijyb
  5919 | D:5      | Killed Ijyb
  5987 | D:5      | Reached skill level 9 in Unarmed Combat
  5987 | D:5      | Gained mutation: You have razor-sharp toenails. [demonic
                  | ancestry]
  5987 | D:5      | Reached XP level 8. HP: 49/58 MP: 8/8
  6678 | D:6      | Reached skill level 10 in Unarmed Combat
  6696 | D:6      | Found a stormy altar of Qazlal.
  7025 | D:7      | Noticed a hippogriff
  7033 | D:7      | Killed a hippogriff
  7033 | D:7      | Reached skill level 11 in Unarmed Combat
  7061 | D:7      | Gained mutation: When seriously injured, your bleeding
                  | wounds create armour. (AC +6) [demonic ancestry]
  7061 | D:7      | Reached XP level 9. HP: 60/63 MP: 9/9
  7130 | D:7      | Reached ***** piety under Cheibriados
  7613 | D:8      | Got a twisted robe
  7615 | D:8      | Identified the cursed +1 robe of Indomitability {MR+} (You
                  | found it on level 8 of the Dungeon)
  7627 | D:8      | Noticed a two-headed ogre
  7818 | D:8      | Reached skill level 12 in Unarmed Combat
  7870 | D:8      | Noticed a two-headed ogre
  7872 | D:8      | Found a shattered altar of Ashenzari.
  7878 | D:8      | Killed a two-headed ogre
  7955 | D:8      | Found a bloodstained altar of Trog.
  7995 | D:8      | Found a white marble altar of Elyvilon.
  8228 | D:9      | Noticed a guardian serpent
  8232 | D:9      | HP: 1/63 [guardian serpent/bolt of poison (26)]
  8233 | D:9      | Killed from afar by a guardian serpent

Skill      XL: |  1  2  3  4  5  6  7  8  9 |
---------------+----------------------------+-----
Unarmed Combat | 3 4 5 6 7 9 11 12 | 12.9
Fighting       | |  3.0
Dodging        | |  2.6
Stealth        | |  1.7

Action                   |  1- 3 |  4- 6 |  7- 9 || total
-------------------------+-------+-------+-------++-------
Melee: Unarmed           |   219 |   178 |   222 ||   619
       Punch             |     1 |     7 |    11 ||    19
       Kick              |       |    40 |   113 ||   153
Evoke: Wand              |       |       |     1 ||     1
  Use: Scroll            |       |     6 |     5 ||    11
       Potion            |       |       |     1 ||     1
 Stab: Sleeping          |     2 |     7 |    14 ||    23
       Distracted        |       |       |     2 ||     2
  Eat: Chunk             |     5 |     3 |     6 ||    14
Armor: Robe              |    35 |    15 |    32 ||    82
Dodge: Dodged            |   163 |    93 |   155 ||   411
       Deflected         |       |     4 |     6 ||    10
